 Dungeon Crawl Stone Soup version 0.21.1-1-g345015f (webtiles) character file.

65 sking99 the Cutter (level 4, -4/29 HPs)
             Began as a Halfling Warper on July 2, 2018.
             Slain by a gnoll
             ... wielding a +0 halberd
              (14 damage)
             ... on level 2 of the Dungeon.
             The game lasted 00:05:40 (1860 turns).

sking99 the Cutter (Halfling Warper)                Turns: 1860, Time: 00:05:41

Health: -4/29      AC:  5    Str: 12    XL:     4   Next: 34%
Magic:  6/6        EV: 12    Int: 12    God:
Gold:   92         SH:  0    Dex: 17    Spells: 6/6 levels left

rFire    . . .     SeeInvis .   a - +0 short sword
rCold    . . .     Gourm    .   (shield restricted)
rNeg     . . .     Faith    .   p - +0 leather armour
rPois    .         Spirit   .   o - +0 helmet of Kikubaaqudgha's Hope {Dex+4}
rElec    .         Reflect  .   l - +0 cloak
rCorr    .         Harm     .   (no gloves)
MR       .....                  (no boots)
Stlth    +.........             (no amulet)
HPRegen  0.09/turn              (no ring)
MPRegen  0.10/turn              (no ring)

@: heavily drained
A: small, mutation resistance 1
a: no special abilities


You were on level 2 of the Dungeon.
You were not hungry.

You visited 1 branch of the dungeon, and saw 2 of its levels.

You collected 92 gold pieces.

Inventory:

Hand Weapons
 a - a +0 short sword (weapon)
 b - a +0 hunting sling
Missiles
 e - 4 tomahawks of dispersal (quivered)
Armour
 l - a +0 cloak (worn)
 o - the +0 helmet of Kikubaaqudgha's Hope (worn) {Dex+4}
   (You took it off Robin on level 2 of the Dungeon)

   It affects your dexterity (+4).
 p - a +0 leather armour (worn)
 t - a scarf of resistance
Scrolls
 d - a scroll of blinking
 h - a scroll of remove curse {unknown}
 j - a scroll of fog {unknown}
 m - a scroll of enchant armour {unknown}
Potions
 g - a potion of invisibility {unknown}
 i - a potion of agility {unknown}
 k - a potion of heal wounds
 q - 2 potions of flight {unknown}
 r - a potion of curing {unknown}
Books
 c - a book of Spatial Translocations

   Spells                             Type                      Level
   a - Blink                          Translocation                2
   b - Shroud of Golubria             Charms/Translocation         2
   c - Lesser Beckoning               Translocation                3
   d - Gell's Gravitas                Translocation                3
   e - Teleport Other                 Translocation                3
   f - Passage of Golubria            Translocation                4
Comestibles
 f - 3 rations
 s - 5 chunks of flesh


   Skills:
 - Level 1.7(0.0) Fighting
 - Level 4.3(1.8) Short Blades
 * Level 1.2(0.0) Slings
 - Level 1.0(0.0) Throwing
 + Level 2.4(0.1) Armour
 - Level 2.1(0.0) Dodging
 - Level 1.5(0.0) Spellcasting
   Level 3.2(0.9) Translocations


You had 6 spell levels left.
You didn't know any spells.

Dungeon Overview and Level Annotations

Branches:
Dungeon (2/15)

Altars:
Fedhas
Kikubaaqudgha


Innate Abilities, Weirdness & Mutations

You are small and have problems with some larger weapons.
You are somewhat resistant to further mutation.


Message History

The stone hits the gnoll but does no damage.
The gnoll is heavily wounded.
The gnoll hits you from afar with a halberd.
Firing (i - inventory. (,) - cycle):
n - a stone (quivered)
Press: ? - help, Shift-Dir - straight line, f/p - gnoll
Aim: a gnoll, wielding a halberd (heavily wounded)
You shoot a stone. The stone hits the gnoll.
The gnoll is severely wounded.
The gnoll hits you from afar with a halberd!
The gnoll barely misses you.
The gnoll hits the plant but does no damage.
The gnoll hits the plant with a halberd!
a - a +0 short sword (weapon)
You hit the gnoll.
The gnoll is lightly wounded.
You barely miss the gnoll.
The gnoll is lightly wounded.
The gnoll hits you with a flail.
The gnoll hits you from afar with a halberd!
You die...

###..# #......# .....#
#......# .....# #......#
.....### #......#
.....[.####......#########
.....#...)..........##...#
.....######.........##...#####
##.### #......#..g..>......
#.## #.....@gg.##...#..# #..#
#########.##...## ###)#####
#....g..# ....>...######
##..P.P.# >............#
#..._..# ........##...#
##.P.P...# #######....# #
#.....### #.#### #..(... #.#
#.##....


You could see 3 gnolls.

Vanquished Creatures
  Robin (D:2)
  A worm (D:2)
  A leopard gecko (D:1)
  2 giant cockroaches
  15 goblins
  5 hobgoblins
  4 jackals (D:1)
  8 bats
  A frilled lizard (D:2)
  2 kobolds
  7 rats
47 creatures vanquished.

Notes
Turn   | Place    | Note
-------+----------+-------------------------------------------
     0 | D:1      | sking99 the Halfling Warper began the quest for the Orb.
     0 | D:1      | Reached XP level 1. HP: 14/14 MP: 3/3
   417 | D:1      | Reached XP level 2. HP: 18/19 MP: 4/4
   431 | D:1      | Reached skill level 3 in Short Blades
   689 | D:1      | Reached XP level 3. HP: 10/24 MP: 5/5
  1146 | D:2      | Reached skill level 4 in Short Blades
  1344 | D:2      | Noticed Robin
  1396 | D:2      | Killed Robin
  1396 | D:2      | Reached XP level 4. HP: 18/29 MP: 6/6
  1472 | D:2      | Got a transparent helmet
  1478 | D:2      | Identified the +0 helmet of Kikubaaqudgha's Hope {Dex+4} (You took it off Robin on level 2 of the Dungeon)
  1786 | D:2      | Found an ancient bone altar of Kikubaaqudgha.
  1818 | D:2      | Reached skill level 1 in Slings
  1836 | D:2      | Found a blossoming altar of Fedhas.
  1860 | D:2      | Slain by a gnoll

Skill      XL: |  1  2  3  4 |
---------------+-------------+-----
Short Blades   | 3 4 |  4.3
Armour         | 2 |  2.4
Slings         | 1 |  1.2
Fighting       | |  1.7
Throwing       | |  1.0
Dodging        | |  2.1
Spellcasting   | |  1.5
Translocations | |  3.2

Action                   |  1- 3 |  4- 6 || total
-------------------------+-------+-------++-------
Melee: Short sword       |   184 |    29 ||   213
 Fire: Hunting sling     |       |    13 ||    13
Throw: Tomahawk          |       |     1 ||     1
  Use: Potion            |     1 |       ||     1
 Stab: Sleeping          |       |     1 ||     1
  Eat: Chunk             |     1 |     2 ||     3
Armor: Leather armour    |    47 |    10 ||    57
Dodge: Dodged            |   132 |    18 ||   150
